 Dungeon Crawl Stone Soup version 0.20.1-1-g8b1a95d (webtiles) character file.

35 vineage the Skirmisher (level 3, -1/29 HPs)
             Began as a Demonspawn Abyssal Knight on July 22, 2017.
             Was a Believer of Lugonu.
             Slain by a gnoll
             ... wielding a +0 flail
              (10 damage)
             ... on level 2 of the Dungeon.
             The game lasted 00:04:22 (1088 turns).

vineage the Skirmisher (Demonspawn Abyssal Knight)  Turns: 1088, Time: 00:04:23

Health: -1/29      AC:  5    Str: 12    XL:     3   Next: 16%
Magic:  4/4        EV: 11    Int: 13    God:    Lugonu [**....]
Gold:   11         SH:  0    Dex: 13    Spells: 2/2 levels left

rFire    . . .     SeeInvis .   a - +1 hand axe
rCold    . . .     Gourm    .   (no shield)
rNeg     . . .     Faith    .   b - +0 leather armour
rPois    .         Spirit   .   (no helmet)
rElec    .         Reflect  .   (no cloak)
rCorr    .         Harm     .   (no gloves)
MR       .....                  (no boots)
Stlth    ..........             (no amulet)
Regen    0.1/turn               g - ring of loudness (curse)
MPRegen  0.1/turn               (no ring)

@: no status effects
A: icy blue scales 1, rot immunity
a: Depart the Abyss, Bend Space, Renounce Religion


You were on level 2 of the Dungeon.
You worshipped Lugonu.
Lugonu was pleased with you.
You were hungry.

You visited 1 branch of the dungeon, and saw 2 of its levels.
You visited the Abyss 1 time.

You collected 11 gold pieces.

Inventory:

Hand Weapons
 a - a +1 hand axe (weapon)
Armour
 b - a +0 leather armour (worn)
Jewellery
 g - a cursed ring of loudness (left hand)
Scrolls
 e - a scroll of magic mapping
 h - a scroll of remove curse {unknown}
 i - a scroll of identify {unknown}
Potions
 d - a potion of heal wounds {unknown}
Comestibles
 c - 2 bread rations
 f - 3 fruits


   Skills:
 + Level 3.6 Fighting
 + Level 2.2 Axes
 + Level 2.1 Armour
 + Level 1.0 Dodging
 + Level 2.5 Invocations


You had 2 spell levels left.
You didn't know any spells.

Dungeon Overview and Level Annotations

Branches:
Dungeon (2/15)

Altars:


Innate Abilities, Weirdness & Mutations

You are partially covered in icy blue scales. (AC +2)
You are immune to rotting.


Message History

The gnoll hits you with a flail. The adder closely misses you.
You barely miss the adder.
The adder is lightly wounded.
You hit the gnoll. You barely miss the gnoll. You hit the gnoll.
The gnoll hits you with a flail. The adder bites you but does no damage.
The gnoll hits you with a flail! The gnoll barely misses you.
You miss the adder.
The adder is lightly wounded.
You barely miss the gnoll. You completely miss the gnoll.
You hit the gnoll but do no damage. The adder closely misses you.
The gnoll closely misses you. x2; The gnoll hits you with a flail.
The adder bites you. The gnoll hits you with a flail.
You hit the gnoll but do no damage.
The gnoll is heavily wounded.
The gnoll barely misses you.
You hit the gnoll.
The gnoll is almost dead.
The gnoll hits you with a flail!
You die...

. .##. ....#
.....## .....
...## ..
#..###..##
#@g......
##S####...
#gg#
#....wg...#
#.........#
#......>[..#
####..####...
#.## ##.. ..
.


You could see a worm, 4 gnolls and an adder.

Vanquished Creatures
  2 oozes (D:1)
  2 dart slugs (D:1)
  3 giant cockroaches (D:1)
  4 goblins (D:1)
  2 hobgoblins (D:1)
  A quokka (D:1)
  A ball python (D:1)
  2 bats (D:1)
  A frilled lizard (D:1)
  2 kobolds (D:1)
  2 rats (D:1)
22 creatures vanquished.

Notes
Turn   | Place    | Note
-------+----------+-------------------------------------------
     0 | Abyss:1  | vineage the Demonspawn Abyssal Knight began the quest for the Orb.
     0 | Abyss:1  | Reached XP level 1. HP: 18/18 MP: 2/2
    45 | D:1      | Escaped the Abyss
    66 | D:1      | Noticed a merfolk zombie
    66 | D:1      | Noticed a merfolk zombie
    70 | D:1      | Noticed a merfolk zombie
   165 | D:1      | Reached skill level 1 in Dodging
   225 | D:1      | Gained mutation: You are immune to rotting. [demonic ancestry]
   225 | D:1      | Reached XP level 2. HP: 18/24 MP: 3/3
   566 | D:1      | Reached ** piety under Lugonu
   841 | D:1      | Gained mutation: You are partially covered in icy blue scales. (AC +2) [demonic ancestry]
   841 | D:1      | Reached XP level 3. HP: 27/29 MP: 4/4
  1088 | D:2      | Slain by a gnoll

Skill      XL: |  1  2 |
---------------+-------+-----
Dodging        | 1 |  1.0
Axes           | 2 |  2.2
Armour         | 2 |  2.1
Fighting       | |  3.6
Invocations    | |  2.5

Action                   || total
-------------------------++-------
Melee: Hand axe          ||    66
  Use: Scroll            ||     2
Armor: Leather armour    ||    15
Dodge: Dodged            ||    44
